 Dungeon Crawl Stone Soup version 0.26-a0-30-g56b8cd3df0 (webtiles) character file.

Game seed: 4750628315980786455, levelgen mode: deterministic

1651 Lugonue the Stinger (level 8, -2/56 HPs)
             Began as a Demonspawn Venom Mage on June 1, 2020.
             Was a Priest of Lugonu.
             Slain by a black bear (9 damage)
             ... on level 6 of the Dungeon on June 2, 2020.
             The game lasted 00:16:39 (8494 turns).

Lugonue the Stinger (Demonspawn Venom Mage)         Turns: 8494, Time: 00:16:40

Health: -2/56      AC:  8    Str: 10    XL:     8   Next: 68%
Magic:  0/17       EV: 12    Int: 18    God:    Lugonu [***...]
Gold:   127        SH:  0    Dex: 13    Spells: 9/19 levels left

rFire    . . .     SeeInvis .     - Unarmed
rCold    + . .     Gourm    .   (no shield)
rNeg     . . .     Faith    .   p - +2 leather armour {rC+}
rPois    .         Spirit   .   (helmet restricted)
rElec    .         Reflect  .   (no cloak)
rCorr    .         Harm     .   (no gloves)
MR       .....                  i - +0 pair of boots
Stlth    ++........             (no amulet)
HPRegen  0.18/turn              (no ring)
MPRegen  0.15/turn              (no ring)

@: very slightly contaminated
A: antennae 1, iridescent scales 1
a: Depart the Abyss, Bend Space, Banish, Renounce Religion


You were on level 6 of the Dungeon.
You worshipped Lugonu.
Lugonu was most pleased with you.
You were hungry.

You visited 1 branch of the dungeon, and saw 6 of its levels.

You collected 167 gold pieces.
You spent 40 gold pieces at shops.

Inventory:

Armour
 i - a +0 pair of boots (worn)
 p - a +2 leather armour of cold resistance (worn)
Scrolls
 a - 2 scrolls of amnesia {unknown}
 b - 3 scrolls of identify
 e - 4 scrolls of remove curse
 g - a scroll of enchant armour
 j - a scroll of blinking
 m - a scroll of fog {unknown}
 q - a scroll of fear {unknown}
 t - a scroll of immolation {unknown}
Potions
 d - 2 potions of stabbing
 h - 2 potions of lignification
 k - 2 potions of haste {unknown}
 l - 3 potions of degeneration {unknown}
 n - a potion of curing {unknown}
 o - a potion of brilliance {unknown}
 r - a potion of ambrosia {unknown}
Comestibles
 c - 11 rations
 s - 3 chunks of flesh


   Skills:
 + Level 2.2 Fighting
 - Level 2.1 Dodging
 - Level 2.1 Stealth
 + Level 4.5 Unarmed Combat
 + Level 6.4 Spellcasting
 - Level 1.0 Transmutations
 - Level 7.0 Poison Magic


You had 9 spell levels left.
You knew the following spells:

 Your Spells              Type           Power        Failure   Level  Hunger
a - Sting                 Tmut/Pois      ###.         3%          1    None
b - Poisonous Vapours     Pois/Air       ###...       5%          2    None
c - Olgreb's Toxic Radia  Pois           ####....     9%          4    ####...
d - Ignite Poison         Fire/Tmut/Pois ###.....     16%         3    ##.....

Your spell library contained the following spells:

 Spells                   Type           Power        Failure   Level  Hunger
 Mephitic Cloud           Conj/Pois/Air  ##......     19%         3    ##.....


Dungeon Overview and Level Annotations

Branches:
Dungeon (6/15)
 Temple: D:4-7

Altars:
Cheibriados
Dithmenos
Ru
Wu Jian
Lugonu

Shops:
D:4 *


Innate Abilities, Weirdness & Mutations

You have a pair of small antennae on your head.
You are partially covered in iridescent scales. (AC +2)


Message History

The orc is severely wounded.
The black bear bites you.
* * * LOW HITPOINT WARNING * * *
The black bear closely misses you.
The black bear claws you but does no damage.
The black bear barely misses you. The black bear misses you.
The black bear barely misses you.
You hit the black bear.
The black bear is almost dead.
The black bear bites you but does no damage.
The black bear barely misses you. The black bear closely misses you.
You hit the black bear.
The black bear is almost dead.
The black bear closely misses you. The black bear claws you.
* * * LOW HITPOINT WARNING * * *
The black bear misses you.
You feel sick.
You are no longer poisoned.
The black bear bites you!
You die...

#####.........)...))..........#
#.#######.#.##.######.....###
#.# #.#.##.# ##...#... #.#
#.#.##[# #....... #.# #.#.##.#
#...#.## #.# #.#.##.# #####.##
#.# #....#.# #.## #.#
#.#..#.###########.##
#.##@#.##...........# .
#h#.##.########... ##.
#)#.##.########.## #..
#o#.##........#.## #.#
#.#...........#.## #.#
#.#...........#.## _ # #.#
#.#...............
....#<####.###.#.............##
#..)()(h......##..........####


You could see a black bear (berserk, poisoned) and an orc (poisoned).

Vanquished Creatures
  Grinder (D:5)
  Eustachio (D:4)
  Duvessa (D:5)
  A black bear (D:6)
  A bullfrog (D:6)
  A gnoll sergeant (D:6)
  Dowan (D:5)
  A scorpion (D:5)
  2 howler monkeys
  A centaur zombie (D:6)
  6 crimson imps
  2 orc priests (D:5)
  4 hounds
  Jessica (D:2)
  3 orc wizards
  A worker ant (D:5)
  A hound skeleton (D:4)
  Robin (D:4)
  7 gnolls
  9 adders
  An ooze (D:3)
  An adder skeleton (D:6)
  4 worms
  21 orcs
  4 bats
  3 giant cockroaches
  27 goblins
  10 hobgoblins
  4 jackals (D:1)
  3 quokkas
  7 frilled lizards
  A jackal skeleton (D:6)
  7 kobolds
  A leopard gecko skeleton (D:4)
  5 rats
145 creatures vanquished.

Notes
Turn   | Place    | Note
-------+----------+-------------------------------------------
     0 | D:1      | Lugonue the Demonspawn Venom Mage began the quest for the
                  | Orb.
     0 | D:1      | Reached XP level 1. HP: 13/13 MP: 3/3
   813 | D:1      | Gained mutation: You have a pair of small antennae on your
                  | head. [demonic ancestry]
   813 | D:1      | Reached XP level 2. HP: 9/19 MP: 0/5
  1188 | D:1      | Reached skill level 1 in Transmutations
  1448 | D:1      | Learned a level 2 spell: Poisonous Vapours
  1818 | D:2      | Noticed Jessica
  1820 | D:2      | Killed Jessica
  1820 | D:2      | Reached XP level 3. HP: 25/25 MP: 3/6
  1932 | D:2      | Reached skill level 1 in Unarmed Combat
  2079 | D:2      | Reached XP level 4. HP: 29/31 MP: 4/7
  2140 | D:2      | Reached skill level 4 in Poison Magic
  2204 | D:2      | Found a sacrificial altar of Ru.
  2228 | D:2      | You fall into a shaft and drop 1 floor!
  2572 | D:2      | Found a shadowy altar of Dithmenos.
  2754 | D:2      | Reached skill level 1 in Fighting
  2754 | D:2      | Reached XP level 5. HP: 26/37 MP: 1/8
  3352 | D:3      | Learned a level 4 spell: Olgreb's Toxic Radiance
  3647 | D:3      | Reached skill level 5 in Poison Magic
  3739 | D:3      | Found a faded altar of an unknown god.
  3782 | D:3      | Became a worshipper of Lugonu the Unformed
  3782 | D:3      | Reached * piety under Lugonu
  3782 | D:3      | Reached ** piety under Lugonu
  4420 | D:4      | Found Jirol's Assorted Antiques.
  4427 | D:4      | Bought a scroll labeled XUTWYIDONE for 20 gold pieces
  4427 | D:4      | Bought a scroll labeled KAVVUSHECAC for 20 gold pieces
  4703 | D:4      | Found an ornate altar of the Wu Jian Council.
  4739 | D:4      | Noticed Robin
  4744 | D:4      | Reached XP level 6. HP: 33/43 MP: 0/9
  5023 | D:4      | Killed Robin
  5479 | D:4      | Noticed Eustachio
  5492 | D:4      | Killed Eustachio
  5492 | D:4      | Reached skill level 6 in Poison Magic
  5853 | D:5      | Entered Level 5 of the Dungeon
  5955 | D:5      | Noticed Dowan
  5957 | D:5      | Noticed Duvessa
  6020 | D:5      | Gained mutation: You are partially covered in iridescent
                  | scales. (AC +2) [demonic ancestry]
  6020 | D:5      | Reached XP level 7. HP: 39/48 MP: 3/10
  6107 | D:4      | Learned a level 3 spell: Ignite Poison
  6375 | D:5      | Reached skill level 7 in Poison Magic
  6498 | D:5      | Reached *** piety under Lugonu
  6655 | D:5      | Killed Dowan
  6785 | D:5      | Noticed Grinder
  6791 | D:5      | Killed Grinder
  7186 | D:5      | Reached XP level 8. HP: 55/55 MP: 10/14
  7362 | D:5      | Killed Duvessa
  7733 | D:5      | You fall into a shaft and drop 1 floor!
  7737 | D:6      | Reached skill level 5 in Spellcasting
  8419 | D:6      | Found a snail-covered altar of Cheibriados.
  8494 | D:6      | Slain by a black bear

Illustrated notes

Levels and vault maps discovered:
D:1:      dpeg_arrival_rooms_a, layout_loops_ring
D:2:      minmay_general_purpose_star, layout_basic, hangedman_ru_absence,
          nicolae_dithmenos_shadow_blocks, chequers_serial_rivers_micro_d,
          uniq_jessica
D:3:      layout_basic, chequers_ecumenical_altar_twisty
D:4:      layout_gridville, old_standard_altar, serial_shops, shop_fountains,
          kennysheep_generic_room_10, uniq_robin, uniq_eustachio
D:5:      layout_loops_ring, minmay_temple_entry_wispy, first_ration,
          uniq_duvessa, uniq_grinder
D:6:      layout_loops_ring, chequers_temple_overflow_statue_of_worship,
          roderic_serpentine_path

Skill      XL: |  1  2  3  4  5  6  7  8 |
---------------+-------------------------+-----
Stealth        | 2 |  2.1
Dodging        | 2 |  2.1
Transmutations | 1 |  1.0
Unarmed Combat | 1 2 3 4 |  4.5
Poison Magic   | 4 5 6 7 |  7.0
Fighting       | 1 2 |  2.2
Spellcasting   | 4 6 |  6.4

Action                   |  1- 3 |  4- 6 |  7- 9 || total
-------------------------+-------+-------+-------++-------
Melee: Unarmed           |    39 |    68 |   144 ||   251
       Punch             |       |       |     7 ||     7
 Cast: Sting             |    40 |    61 |    71 ||   172
       Poisonous Vapours |     6 |    41 |     6 ||    53
       Olgreb's Toxic Ra |       |     3 |     8 ||    11
       Ignite Poison     |       |       |     8 ||     8
  Use: Potion            |     1 |       |     1 ||     2
       Scroll            |       |     6 |     1 ||     7
  Eat: Chunk             |     5 |    16 |     7 ||    28
       Ration            |       |       |     1 ||     1
Armor: Robe              |     7 |    12 |       ||    19
       Skin              |     1 |       |       ||     1
       Leather armour    |       |       |    88 ||    88
Dodge: Dodged            |    47 |    74 |   109 ||   230

Table legend:
 A = Non-vault XP
 B = Vault XP
 C = Vault XP percentage of total XP
 D = Non-vault monster count
 E = Vault monster count
 F = Vault count percentage of total count
                 A         B        C        D         E       F
            +---------+---------+-------+---------+---------+-------
      Total |    1589 |     770 |  32.6 |     124 |      21 |  14.5
            +---------+---------+-------+---------+---------+-------
        D:1 |      40 |       0 |   0.0 |      24 |       0 |   0.0
        D:2 |     153 |      42 |  21.5 |      21 |       4 |  16.0
        D:3 |      50 |       2 |   3.8 |      21 |       1 |   4.5
        D:4 |     109 |     261 |  70.5 |       9 |      13 |  59.1
        D:5 |     487 |     465 |  48.8 |      26 |       3 |  10.3
        D:6 |     750 |       0 |   0.0 |      23 |       0 |   0.0
            +---------+---------+-------+---------+---------+-------
